 Dungeon Crawl Stone Soup version 0.22-a0-362-g535178c (webtiles) character file.

33 Kikal the Ducker (level 3, 0/16 HPs)
             Began as a Felid Skald on Apr 19, 2018.
             Was an Initiate of Ru.
             Slain by a quokka (4 damage)
             ... on level 2 of the Dungeon.
             The game lasted 00:03:15 (1781 turns).

Kikal the Ducker (Felid Skald)                      Turns: 1781, Time: 00:03:16

Health: 0/16       AC:  1    Str:  7    XL:     3   Next: 12%
Magic:  7/7        EV: 19    Int: 15    God:    Ru [......]
Gold:   46         SH:  0    Dex: 15    Spells: 5/6 levels left
                                        Lives:  0   Deaths: 0

rFire    . . .     SeeInvis +     - Unarmed
rCold    . . .     Gourm    .   (shield unavailable)
rNeg     . . .     Faith    .   (armour unavailable)
rPois    .         Spirit   .   (helmet unavailable)
rElec    .         Reflect  .   (cloak unavailable)
rCorr    .         Harm     .   (gloves unavailable)
MR       .....                  (boots unavailable)
Stlth    +.........             (no amulet)
HPRegen  0.05/turn              (no ring)
MPRegen  0.10/turn              (no ring)

@: infused, very slow
A: very small, no armour, no weapons or thrown items, stealth, claws 1, fangs 3,
see invisible, carnivore, speed 1, shaggy fur 1, slow metabolism 1, sharp paws
a: Renounce Religion


You were on level 2 of the Dungeon.
You worshipped Ru.
Ru was noncommittal.
You were completely stuffed.

You visited 1 branch of the dungeon, and saw 2 of its levels.

You collected 46 gold pieces.

Inventory:

Jewellery
 g - a +3 ring of evasion {unknown}
Scrolls
 c - a scroll of fog {unknown}
 d - a scroll of magic mapping {unknown}
 e - a scroll of amnesia {unknown}
Potions
 a - a potion of curing {unknown}
 f - a potion of heal wounds {unknown}
Comestibles
 b - 2 rations


   Skills:
 - Level 2.0 Fighting
 + Level 3.9 Dodging
 + Level 2.2 Stealth
 + Level 2.6 Unarmed Combat
 - Level 2.0 Spellcasting
 - Level 3.6 Charms


You had 5 spell levels left.
You knew the following spells:

 Your Spells              Type           Power        Failure   Level  Hunger
a - Infusion              Chrm           ##..         4%          1    #......


Dungeon Overview and Level Annotations

Branches:
Dungeon (2/15)

Altars:
Fedhas
Ru
The Shining One


Innate Abilities, Weirdness & Mutations

You cannot wear armour.
You are incapable of wielding weapons or throwing items.
Your paws allow you to move quietly. (Stealth)
You have sharp claws.
You have razor-sharp teeth.
You have supernaturally acute eyesight. (SInv)
You are carnivorous and can eat meat at any time.
You cover ground quickly.
You are covered in fur. (AC +1)
You have a slow metabolism.
Your sharp claws are effective at attacking unaware monsters.


Message History

A quokka comes into view.
You scratch the quokka but do no damage.
The quokka misses you.
You barely miss the quokka. The quokka barely misses you.
You barely miss the quokka. Your bite misses the quokka. The quokka bites you.
You take 2 damage, and have 14/16 hp.
You barely miss the quokka. The quokka completely misses you.
The quokka bites you.
You take 5 damage, and have 9/16 hp.
MASSIVE DAMAGE!!
You begin infusing your attacks with magical energy.
The hobgoblin hits you with a club.
* * * LOW HITPOINT WARNING * * *
The quokka closely misses you.
You take 5 damage, and have 4/16 hp.
MASSIVE DAMAGE!!
You now have 6/7 mp.
The quokka twitches its whiskers.
The quokka closely misses you.
You enter the shallow water.
Moving in this stuff is going to be slow.
You scratch the plant but do no damage. The quokka bites you.
You die...

............#P##
######.............##.####
#.......#.........###.####
##.#..#..#.........# #.....
#..................# ###..# .
.####..................#####..#
.. ............#.≈.####........##
...##.........##≈P≈##...###.....#
..............##@≈≈...####....###
#.....#....)..#r♣P≈#####.....##
#...?.........g.♣≈♣# #.#.###
#.........##### #....
#........###### ...### #......#.#
## ..#...##.. .....# #### #.#..


You could see a quokka and a hobgoblin.

Vanquished Creatures
  An ooze (D:1)
  2 giant cockroaches (D:1)
  A goblin (D:1)
  5 hobgoblins (D:1)
  7 jackals (D:1)
  3 bats (D:1)
  4 kobolds
  3 rats (D:1)
26 creatures vanquished.

Notes
Turn   | Place    | Note
-------+----------+-------------------------------------------
     0 | D:1      | Kikal the Felid Skald began the quest for the Orb.
     0 | D:1      | Reached XP level 1. HP: 9/9 MP: 4/4
   345 | D:1      | Reached skill level 1 in Stealth
   499 | D:1      | Reached XP level 2. HP: 11/13 MP: 1/6
  1324 | D:1      | Reached XP level 3. HP: 16/16 MP: 3/7
  1709 | D:2      | Found a blossoming altar of Fedhas.
  1711 | D:2      | Found a glowing golden altar of the Shining One.
  1711 | D:2      | Found a sacrificial altar of Ru.
  1718 | D:2      | Became a worshipper of Ru the Awakened
  1781 | D:2      | Slain by a quokka

Vault maps used:
D:1:      minmay_arrival_diagonal_passages, minmay_misc_feat_secret_circle
D:2:      gammafunk_temple_overflow_forgotten, serial_bayou_pond_e,
          hangedman_abyss_or_decor_lesser_grid,
          nicolae_qazlal_style_of_elements, uniq_crazy_yiuf_cottage

Skill      XL: |  1  2 |
---------------+-------+-----
Stealth        | 1 2 |  2.2
Fighting       | |  2.0
Dodging        | |  3.9
Unarmed Combat | |  2.6
Spellcasting   | |  2.0
Charms         | |  3.6

Action                   || total
-------------------------++-------
Melee: Unarmed           ||    68
       Bite              ||     4
 Cast: Infusion          ||    14
 Stab: Sleeping          ||     2
  Eat: Chunk             ||     9
Armor: Skin              ||     1
Dodge: Dodged            ||    51

Table legend:
 A = Spawn XP
 B = Non-spawn XP
 C = Spawn XP percentage of total XP
 D = Spawn monster count
 E = Non-spawn monster count
 F = Spawn count percentage of total count
 G = Total turns spent on level
                    A         B        C        D         E        F      G
               +---------+---------+-------+---------+---------+-------+---------
         Total |       0 |      48 |   0.0 |       0 |      26 |   0.0 |  1781
               +---------+---------+-------+---------+---------+-------+---------
           D:1 |       0 |      47 |   0.0 |       0 |      25 |   0.0 |  1707
           D:2 |       0 |       1 |   0.0 |       0 |       1 |   0.0 |    74
               +---------+---------+-------+---------+---------+-------+---------
